cohdb
Replays
Latest Replays
All Replays
Popular Replays
Top Player Replays
Match Explorer
How It Works
Community
CoH3 Stats
Reddit
Sign in to upload your games and track your stats! →
Sign in with Steam
Match 24071308
Unlisted
Match 24071308
Overview
Messages
Build Orders
End
Selects Armored Battlegroup
Selects Assault Engineers
Assault Engineer Squad
Assault Engineer Squad
Construct Weapon Support Center
Assault Engineer Squad
Construct Medical Station
Selects Strength in Steel
Mortar Pit
Mechanized Support Center
Assault Engineer Squad
.30 cal Machine Gun
Assault Engineer Squad
M3 75 mm Gun Motor Carriage
Assault Engineer Squad
Construct Tank Depot
Improvised Armor
Selects Seek and Destroy
Selects UNKNOWN (2160077)
Danlin
JeckRush
Restless heart
Belzebù
UH|dun! ツ
UH|XTC
iceman
insane
0
0
Comments
sign in to comment!
No comments posted yet!